 Dungeon Crawl Stone Soup version 0.30.1-11-g7821555f0a (webtiles) character file.

Game seed: 15436024047852352936

303 chimenez the Magician (level 6, -6/44 HPs)
             Began as a Mummy Necromancer on Jan 15, 2024.
             Mangled by an iguana (10 damage)
             ... on level 3 of the Dungeon on Jan 16, 2024.
             The game lasted 00:20:24 (3582 turns).

chimenez the Magician (Mummy Necromancer)           Turns: 3582, Time: 00:20:25

Health: -6/44      AC:  4    Str: 11    XL:     6   Next: 15%
Magic:  5/13       EV: 12    Int: 17    God:
Gold:   109        SH:  0    Dex: 12    Spells: 6/15 levels left

rFire   x . .        o - +2 dagger (drain)
rCold   + . .        (no shield)
rNeg    + + +        a - +0 robe
rPois   ∞            c - +0 helmet
rElec   .            (no cloak)
rCorr   .            (no gloves)
SInv    .            l - +0 pair of boots
Will    .....        (no amulet)
Stlth   ++           (no ring)
HPRegen 0.27/turn    (no ring)
MPRegen 0.13/turn

%: faith
@: no status effects
A: cold resistance 1, negative energy resistance 3, torment resistance 2, heat
vulnerability 1, in touch with death 1, no potions, faith
a: no special abilities


You were on level 3 of the Dungeon.
You visited 1 branch of the dungeon, and saw 4 of its levels.

You collected 109 gold pieces.

Inventory:

Hand Weapons
 b - a +0 dagger
 o - a +2 dagger of draining (weapon)
Missiles
 g - 4 atropa-tipped darts (quivered)
Armour
 a - a +0 robe (worn)
 c - a +0 helmet (worn)
 l - a +0 pair of boots (worn)
Scrolls
 d - a scroll of noise
 e - a scroll of immolation {unknown}
 f - 3 scrolls of vulnerability
 h - 2 scrolls of teleportation {unknown}
 i - a scroll of butterflies {unknown}
 j - a scroll of amnesia {unknown}
 k - 3 scrolls of enchant weapon
 m - a scroll of poison {unknown}
Potions
 n - a potion of heal wounds


   Skills:
 + Level 1.7 Fighting
 + Level 2.6 Dodging
 - Level 2.0 Stealth
 * Level 5.2 Spellcasting
 + Level 4.7 Necromancy
 + Level 1.4 Poison Magic


You had 6 spell levels left.
You knew the following spells:

 Your Spells              Type           Power      Damage    Failure   Level
a - Necrotise             Necr           100%       1d9       1%          1
b - Poisonous Vapours     Pois/Air       12%        N/A       16%         2
c - Mephitic Cloud        Conj/Pois/Air  6%         N/A       34%         3
d - Vampiric Draining     Necr           30%        2d8       6%          3

Your spell library contained the following spells:

 Spells                   Type           Power      Damage    Failure   Level
 Animate Dead             Necr           30%        N/A       21%         4
 Ozocubu's Armour         Ice            4%         N/A       38%         3
 Agony                    Necr           30%        N/A       50%         5
 Freezing Cloud           Conj/Ice/Air   2%         6-21      98%         5
 Metabolic Englaciation   Hex/Ice        2%         N/A       98%         5
 Summon Forest            Summ/Tloc      2%         N/A       98%         5
 Summon Mana Viper        Hex/Summ       4%         N/A       98%         5
 Simulacrum               Ice/Necr       9%         N/A       100%        6
 Summon Cactus Giant      Summ           2%         N/A       100%        6


Dungeon Overview and Level Annotations

Branches:
Dungeon (4/15)
 Temple: D:4-7

Altars:
Yredelemnul

Annotations:
D:3 Terence


Innate Abilities, Weirdness & Mutations

You are immune to poison.
Your flesh is cold resistant. (rC+)
You are immune to negative energy. (rN+++)
You are immune to unholy pain and torment.
You are vulnerable to heat. (rF-)
You are in touch with the powers of death.
You do not drink.
You have a special connection with the divine. (Faith)


Message History

Press: ? - help, Shift-Dir - straight line, f/p - iguana
Aim: an iguana (moderately wounded, chance to affect: 88%)
You feel a surge of power!
The iguana barely resists.
The iguana bites you.
Casting: Necrotise (safe; 1% risk of failure)
Confirm with . or Enter, or press ? or * to list all spells.
Aiming: Necrotise (safe; 1% risk of failure)
Press: ? - help, Shift-Dir - straight line, f/p - iguana
Aim: an iguana (moderately wounded, chance to affect: 88%)
You feel a surge of power!
The iguana writhes in agony.
The iguana bites you.
Casting: Necrotise (safe; 1% risk of failure)
Confirm with . or Enter, or press ? or * to list all spells.
Aiming: Necrotise (safe; 1% risk of failure)
Press: ? - help, Shift-Dir - straight line, f/p - iguana
Aim: an iguana (moderately wounded, chance to affect: 88%)
You feel a surge of power!
The iguana writhes in agony.
The iguana closely misses you.
Casting: Necrotise (safe; 1% risk of failure)
Confirm with . or Enter, or press ? or * to list all spells.
Okay, then.
The iguana bites you. The iguana attacks as you move away!
The iguana bites you but does no damage.
The iguana attacks as you move away! The iguana bites you!
The iguana attacks as you move away! The iguana barely misses you.
The iguana attacks as you move away! The iguana bites you.
There is a stone staircase leading up here.
The iguana bites you!
* * * LOW HITPOINT WARNING * * *
You climb upwards.
Level annotation: Terence
There is a stone staircase leading down here.
Okay, then.
You hit the iguana.
The iguana is heavily wounded.
The iguana bites you.
* * * LOW HITPOINT WARNING * * *
You closely miss the iguana.
The iguana is moderately wounded.
The iguana bites you!
You die...

##################
#@................
#l################
#..##.....!.......
######..##.############
#....#..##.# ####
#....#...#.#########...
#....#.#...........'.[.
#....#.###.#########...
#..........# #...


You could see an iguana.

Vanquished Creatures
  A black bear (D:4)
  A scorpion (D:4)
  Natasha (thrice) (D:3)
  3 adders
  3 orcs
  6 endoplasms
  4 giant cockroaches
  2 goblins (D:4)
  5 hobgoblins
  2 jackals (D:3)
  A quokka (D:2)
  3 ball pythons
  4 bats
  A frilled lizard (D:2)
  3 kobolds (D:2)
  6 rats
48 creatures vanquished.

Vanquished Creatures (collateral kills)
  An endoplasm (D:1)
  A giant cockroach (D:4)
  2 jackals (D:4)
  A kobold (D:4)
  A quokka (D:4)
6 creatures vanquished.

Vanquished Creatures (others)
  A black bear (D:4)
1 creature vanquished.

Grand Total: 55 creatures vanquished

Notes
Turn   | Place    | Note
-------+----------+-------------------------------------------
     0 | D:1      | chimenez the Mummy Necromancer began the quest for the Orb.
     0 | D:1      | Reached XP level 1. HP: 13/13 MP: 4/4
   303 | D:1      | Reached skill level 3 in Spellcasting
   682 | D:2      | Reached XP level 2. HP: 19/19 MP: 0/6
   768 | D:2      | You fall into a shaft and drop 1 floor!
   866 | D:3      | Learned a level 2 spell: Poisonous Vapours
  1251 | D:3      | Noticed Natasha
  1443 | D:2      | Gained mutation: You are in touch with the powers of death.
                  | [Mummy growth]
  1443 | D:2      | Reached XP level 3. HP: 6/24 MP: 0/8
  1521 | D:2      | Learned a level 3 spell: Mephitic Cloud
  1721 | D:2      | Found a basalt altar of Yredelemnul.
  2419 | D:3      | Learned a level 3 spell: Vampiric Draining
  2481 | D:3      | Noticed Terence
  2928 | D:3      | Killed Natasha
  2929 | D:3      | Reached skill level 4 in Spellcasting
  2929 | D:3      | Reached XP level 4. HP: 31/31 MP: 5/10
  3004 | D:3      | Noticed Natasha
  3009 | D:3      | Killed Natasha
  3010 | D:3      | Reached skill level 1 in Fighting
  3114 | D:3      | Noticed Natasha
  3118 | D:3      | Killed Natasha
  3119 | D:3      | Reached skill level 1 in Poison Magic
  3119 | D:3      | Reached XP level 5. HP: 37/37 MP: 6/11
  3369 | D:4      | Noticed a black bear
  3479 | D:4      | Noticed a black bear
  3488 | D:4      | Killed a black bear
  3489 | D:4      | Reached skill level 5 in Spellcasting
  3489 | D:4      | Reached XP level 6. HP: 43/44 MP: 4/13
  3582 | D:3      | Mangled by an iguana

Illustrated notes

Levels and vault maps discovered:
D:1:      nicolae_arrival_somewhat_less_tricky_arrival, layout_basic
D:2:      layout_loops_corners, basic_altar
D:3:      layout_basic, uniq_natasha, uniq_terence
D:4:      layout_loops_cross, lemuel_temple_firewalk_b

Skill      XL: |  1  2  3  4  5 |
---------------+----------------+-----
Spellcasting   | 3 4 5 |  5.2
Stealth        | 2 |  2.0
Dodging        | 2 |  2.6
Fighting       | 1 |  1.7
Poison Magic   | 1 |  1.4
Necromancy     | |  4.7

Action                     |  1- 3 |  4- 6 || total
---------------------------+-------+-------++-------
  Melee: Dagger            |    28 |    15 ||    43
  Throw: Dart              |     2 |       ||     2
   Cast: Necrotise         |    81 |    34 ||   115
    Use: Scroll            |     2 |     1 ||     3
   Stab: Sleeping          |     1 |     1 ||     2
 Armour: Robe              |    19 |     9 ||    28
  Dodge: Dodged            |    49 |    24 ||    73
